[Event "*** Titled Tuesday Blitz"]
[Site "Chess.com"]
[Date "2019.07.02"]
[Round "2"]
[White "VerdeNotte"]
[Black "darsen_sanzhaev"]
[Result "1-0"]
[WhiteElo "2846"]
[BlackElo "2638"]
[TimeControl "180+2"]
[EndTime "13:26:54 PDT"]
[Termination "VerdeNotte won by resignation"]

1. Nf3 d5 2. g3 c6 3. Bg2 Bg4 4. c4 Nd7 5. cxd5 cxd5 6. Qa4 Bxf3 7. Bxf3 e6 8. O-O Nf6 9. d3 Bc5 10. d4 Bd6 11. e3 O-O 12. Nc3 a6 13. Bd2 b5 14.
Qd1 Nb6 15. b3 Rc8 16. Be2 b4 17. Nb1 a5 18. f3 Qc7 19. Bd3 Bxg3 20. f4 Bh4 21.
Qf3 Ne4 22. Bxe4 dxe4 23. Qxe4 Qc2 24. Qxc2 Rxc2 25. a3 Be7 26. axb4 Bxb4 27. Rf2 Rfc8 28. Bxb4 axb4 29. Nd2 Nd5 30. Nc4 Rxf2 31. Kxf2 Nc3 32.
Ra7 f5 33. Ra6 Rxc4 34. bxc4 b3 35. e4 b2 36. Rb6 b1=Q 37. Rxb1 Nxb1 38. exf5 exf5 39. Ke3 Nc3 40. d5 Kf7 41. Kd4 Ne4 42.
Ke5 g6 43. d6 Nc5 44. Kd5 Nd3 45. Kc6 Nxf4 46. c5 Ne6 47. Kd5 f4 48. c6 f3 49. c7 f2 50. c8=Q Nf4+ 51. Ke4 f1=Q 52. Qd7+ Kf8 53. Qe7+ Kg8 54. Qe8+ Kg7 55. Qe5+ Kg8 56.
Qxf4 Qc4+ 57. Ke5 Qb5+ 58. Kf6 Qd7 59. Qc4+ Kf8 60. Ke5 Qf5+ 61. Kd4 Qf4+ 62. Kc5 Qf5+ 63.
Kb6 Qd7 64. Qf4+ Ke8 65. Qe5+ Kf8 66. Qh8+ Kf7 67. Qxh7+ Ke6 68. Qxd7+ Kxd7 69. Kc5 g5 70. h3 Kd8 71. Kd4 Kd7 72. Kd5 Kd8 73. Ke6 Ke8 74.
Kf6 Kd7 75. Kxg5 Kxd6 76. Kf6 1-0

[Event "*** Titled Tuesday Blitz"]
[Site "Chess.com"]
[Date "2019.07.02"]
[Round "2"]
[White "enriquetejedor"]
[Black "KamilPlichta"]
[Result "0-1"]
[WhiteElo "2565"]
[BlackElo "2791"]
[TimeControl "180+2"]
[EndTime "13:26:57 PDT"]
[Termination "KamilPlichta won by resignation"]

1. e4 Nf6 2. e5 Nd5 3. c4 Nb6 4. d4 d6 5. f4 g5 6. exd6 exd6 7.
fxg5 h6 8. g6 fxg6 9. Bd3 Bf5 10. Bxf5 Qh4+ 11. g3 Qe7+ 12. Kf2 Qf7 13. Nf3 Qxf5 14.
Re1+ Kd8 15. Qe2 Qf7 16. c5 Nd5 17. Nc3 Nxc3 18. bxc3 Nd7 19. Rb1 Rb8 20. c6 bxc6 21. Rxb8+ Nxb8 22. Qb2 Kc8 23. Be3 Bg7 24. Qb3 Qxb3 25.
axb3 g5 26. h4 g4 27. Nh2 h5 28. Nf1 Rf8+ 29. Kg2 Re8 30. Ra1 Kb7 31. Ra5 d5 32. c4 Rd8 33. Ra4 Na6 34. c5 Nb8 35. Rb4+ Kc8 36. Ra4 a6 37. Bf4 Re8 38. Ne3 Re4 39. Nf5 Bf8 40. Kf2 Kb7 41. Rb4+ Kc8 42. Ra4 Kb7 43. Kf1 Nd7 44. Rb4+ Kc8 45. Ra4 Nb8 46. Kg1 Re1+ 47. Kf2 Rb1 48. Ra3 a5 49. Rxa5 Rxb3 50.
Be5 Rf3+ 51. Ke2 Rxf5 52. Ra7 Rf7 53. Ra1 Bxc5 54. Kd3 Rf3+ 55. Ke2 Bd6 56. Bxd6 cxd6 57. Ra7 Nd7 58. Ra8+ Kc7 59. Rh8 Rxg3 60. Rxh5 Rh3 61.
Rh7 Rh2+ 62. Ke3 c5 63. h5 Kc6 64. h6 g3 65. dxc5 g2 66. Kf2 dxc5 67. Rh8 Kd6 68. Kg1 Rh5 69. Kxg2 c4 70. Kg3 c3 71. Kg4 Rh1 72. h7 c2 73. Rc8 Rxh7 74. Rxc2 Rf7 75. Rd2 Ne5+ 76. Kg3 Rg7+ 77. Kf4 Nc4 78. Ra2 Rf7+ 79.
Kg3 d4 80. Ra4 Kd5 81. Ra8 d3 82. Rd8+ Nd6 83. Ra8 d2 84. Ra1 Kd4 85. Kg4 Ke3 86.
Rf1 Rxf1 0-1

[Event "*** Titled Tuesday Blitz"]
[Site "Chess.com"]
[Date "2019.07.02"]
[Round "2"]
[White "SmoothAsAHedgehog"]
[Black "WarlordX"]
[Result "0-1"]
[WhiteElo "2605"]
[BlackElo "2376"]
[TimeControl "180+2"]
[EndTime "13:27:01 PDT"]
[Termination "WarlordX won by checkmate"]

1. d4 Nf6 2. c4 e6 3. Nc3 Bb4 4. Qc2 b6 5. e4 Bxc3+ 6. bxc3 d6 7. Nf3 c5 8. Bg5 h6 9. Bh4 Nc6 10. Bg3 Nh5 11. Bh4 Qc7 12. d5 Na5 13. Bd3 e5 14. O-O O-O 15. Nd2 Nf4 16. Bg3 Nxd3 17. Qxd3 Ba6 18. f4 f6 19. Rf3 Qd7 20. a4 Rae8 21.
Raf1 Qxa4 22. fxe5 fxe5 23. Rxf8+ Rxf8 24. Rxf8+ Kxf8 25. Qf3+ Kg8 26. Qf5 Qe8 27. Qf1 Qg6 28. Kh1 Qg5 29.
Qe2 Qf6 30. Kg1 Qf7 31. h3 Qe8 32. Kh2 Qa4 33. Qg4 Qe8 34. Qe2 Bc8 35. Bh4 Bd7 36. Qf1 Qf7 37. Qe2 Be8 38. Qg4 Qd7 39. Qf3 Bg6 40.
Qg3 Kh7 41. Qf3 Qe8 42. Qf1 Kg8 43. Qf3 Bh5 44. Qf1 g5 45. Bg3 Qf7 46. Qe1 Bg6 47.
h4 Qh7 48. hxg5 hxg5+ 49. Kg1 Kf7 50. Qe3 Qh5 51. Qe1 Ke7 52. Bf2 Qg4 53. Be3 Kd7 54. Bf2 Kc7 55. Qe3 Nb7 56. Qe1 a5 57. Qb1 Qe2 58.
Qc2 a4 59. Qc1 a3 60. Nb3 a2 61. Qxg5 Qd1+ 62. Kh2 Qh5+ 63. Qxh5 Bxh5 64. Kg3 Bd1 65. Na1 Na5 66. Kh4 Nb3 67. g4 Nxa1 68. g5 Kd7 69. g6 Ke7 70. Kg5 Kf8 71. Kf6 Bg4 72. g7+ Kg8 73.
Ke7 Nb3 74. Kxd6 a1=Q 75. Kxe5 Qxc3+ 76. Kd6 Qxc4 77. e5 Bf3 78. e6 Qxd5+ 79. Ke7 Bg4 80. Bxc5 Qxe6+ 81. Kd8 Qd7# 0-1

[Event "*** Titled Tuesday Blitz"]
[Site "Chess.com"]
[Date "2019.07.02"]
[Round "2"]
[White "Cayse"]
[Black "severomorskij"]
[Result "0-1"]
[WhiteElo "2629"]
[BlackElo "2851"]
[TimeControl "180+2"]
[EndTime "13:27:02 PDT"]
[Termination "severomorskij won by checkmate"]

1. d4 Nf6 2. Bf4 c5 3. e3 Nd5 4. Bg3 Qb6 5. b3 cxd4 6. exd4 e6 7. c3 Nc6 8. Nf3 Be7 9. Be2 Nf6 10. Nbd2 d6 11.
O-O O-O 12. b4 Nh5 13. a4 Nxg3 14. hxg3 Qd8 15. a5 g6 16. Nb3 Bf6 17. Re1 Bg7 18.
a6 b6 19. Nfd2 d5 20. Bf3 Bd7 21. Nc1 Rc8 22. Nd3 Ne7 23. Ra3 Nf5 24. Nf1 Bb5 25.
Ne5 Bxf1 26. Kxf1 Nd6 27. Qd3 Qc7 28. Rb3 Nc4 29. Qe2 Bxe5 30. dxe5 Nd2+ 31. Qxd2 Qc4+ 32. Kg1 Qxb3 33. Re3 Rc7 34. Bd1 Qb1 35. g4 Qa1 36.
Rh3 d4 37. cxd4 Rc1 38. Rd3 Qxa6 39. Kh2 Qa1 40. b5 Rfc8 41. Bf3 R1c3 42. Rxc3 Qxc3 43. Qf4 Qc1 44. Qf6 Qh6+ 45. Kg3 Qg7 46. Qe7 Qf8 47.
Qxa7 Qd8 48. d5 exd5 49. Qb7 Qc7 50. Qxd5 Re8 51. Kf4 Qe7 52. g5 Rd8 53. Qc4 Re8 54. Qd5 Rd8 55. Qc4 Qd7 56. Be4 Qd4 57. Qc7 Qxf2+ 58.
Kg4 Qe2+ 59. Bf3 Qd3 60. Qxb6 Qf5+ 61. Kh4 Qf4+ 62. Kh3 Qxg5 63. Qc7 Re8 64. b6 Qxe5 65. Bg4 Qe3+ 66. g3 Qe1 67. Bf3 Qe6+ 68. Bg4 Qe4 69. Bd7 Qh1+ 70. Kg4 Re4+ 71. Kg5 Qh5+ 72. Kf6 Qf3+ 73.
Kg5 f6+ 74. Kh6 Qh5# 0-1

[Event "*** Titled Tuesday Blitz"]
[Site "Chess.com"]
[Date "2019.07.02"]
[Round "2"]
[White "731291"]
[Black "WPWPWP-2015"]
[Result "1-0"]
[WhiteElo "2673"]
[BlackElo "2380"]
[TimeControl "180+2"]
[EndTime "13:27:03 PDT"]
[Termination "731291 won by checkmate"]

1. e4 c5 2. Nf3 e6 3. d4 cxd4 4.
Nxd4 Nc6 5. Nc3 Qc7 6. g3 Nf6 7. Bg2 a6 8. O-O Be7 9. Re1 d6 10. Nxc6 bxc6 11. Na4 e5 12. c4 c5 13. b3 O-O 14. f4 Bb7 15. f5 Qd8 16. h4 Nd7 17.
Nc3 Nb6 18. Be3 Bc6 19. Bf3 a5 20. a4 h6 21. Ra2 Kh7 22. Rh2 g6 23. Bf2 Rg8 24. g4 Qd7 25. Kh1 g5 26. Kg2 Kg7 27. Reh1 Rh8 28. hxg5 Bxg5 29. Ne2 f6 30. Bh4 Rag8 31.
Bxg5 hxg5 32. Ng3 Qe7 33. Nh5+ Kf7 34. Qd2 Ra8 35. Rd1 Nc8 36. Rh3 Qb7 37. Qd3 Rb8 38. Rb1 Bxa4 39. Bd1 Bc6 40. Bc2 Qe7 41. Qd2 Qc7 42. Rbh1 Ne7 43. Nxf6 Rxh3 44. Rxh3 Kxf6 45. Rh6+ Kf7 46. Qxg5 Rg8 47. Rh7+ Kf8 48. Qh5 Ng6 49. Rxc7 Nf4+ 50. Kf3 Nxh5 51. Rxc6 Nf4 52. Rxd6 Rh8 53. Rd8+ Kg7 54. f6+ Kh7 55. Rxh8+ Kxh8 56. g5 Kh7 57. Kg4 Kg6 58. Bd1 Nd3 59. Bf3 Nf2+ 60. Kh4 Nd3 61. Bh5+ Kh7 62. g6+ Kg8 63. Kg5 Nf4 64. Bg4 Ng2 65.
Kh6 Nf4 66. f7+ Kf8 67. g7+ Kxf7 68. Kh7 Kf6 69. g8=Q Ke7 70. Qg7+ Kd6 71. Qf6+ Kc7 72. Qxe5+ Kb6 73. Qxf4 a4 74. bxa4 Ka5 75. Qd2+ Kxa4 76. Qb2 Ka5 77. Qb5# 1-0

[Event "*** Titled Tuesday Blitz"]
[Site "Chess.com"]
[Date "2019.07.02"]
[Round "2"]
[White "LaughingTiger"]
[Black "colegiodemadrid"]
[Result "1/2-1/2"]
[WhiteElo "2317"]
[BlackElo "2447"]
[TimeControl "180+2"]
[EndTime "13:27:03 PDT"]
[Termination "Game drawn by 50-move rule"]

1. e4 c5 2. d4 cxd4 3. c3 Nf6 4. e5 Nd5 5. cxd4 Nc6 6. Nf3 d6 7. Nc3 dxe5 8. dxe5 Nxc3 9. Qxd8+ Nxd8 10. bxc3 Bd7 11.
Be3 g6 12. Nd4 Bg7 13. f4 Rc8 14. c4 g5 15. g3 gxf4 16. gxf4 Ne6 17. Rc1 Bh6 18.
Nxe6 Bxe6 19. Bd3 O-O 20. Kf2 Rfd8 21. Rhd1 Bxc4 22. Bxh7+ Kxh7 23. Rxd8 Rxd8 24. Rxc4 Rd7 25. a4 Kg6 26. f5+ Kh5 27. Bxh6 Kxh6 28. h4 Rd5 29.
Re4 e6 30. fxe6 fxe6 31. Kg3 Kg6 32. Kg4 Rd1 33. Rf4 Rg1+ 34. Kh3 Re1 35. Rf6+ Kh5 36. Rxe6 Re3+ 37. Kg2 Kxh4 38. Re7 Rb3 39. e6 Kg5 40. Rg7+ Kf6 41. e7 Re3 42. e8=Q Rxe8 43. Rxb7 a6 44. Kf3 Re6 45. a5 Ke5 46. Ke3 Kd5+ 47. Kd3 Kc5 48. Kc3 Re3+ 49. Kb2 Re4 50. Rb6 Re2+ 51. Kb3 Re3+ 52.
Ka2 Re4 53. Rxa6 Kb5 54. Ra8 Ra4+ 55. Kb3 Rxa5 56. Rb8+ Kc5 57. Rc8+ Kd6 58. Rc1 Rh5 59. Rd1+ Kc5 60. Rc1+ Kb5 61. Rd1 Rh3+ 62. Kc2 Kc4 63. Rd2 Rc3+ 64. Kd1 Re3 65. Rc2+ Kd3 66. Rd2+ Kc3 67.
Rc2+ Kb3 68. Kd2 Rh3 69. Rc7 Rh5 70. Rb7+ Kc4 71. Rc7+ Kd4 72. Rd7+ Kc5 73. Rc7+ Kd6 74. Rc4 Rh3 75. Rc3 Rh2+ 76. Kd3 Kd5 77. Rc2 Rh3+ 78. Ke2 Kd4 79. Rd2+ Ke4 80. Rd8 Rh2+ 81. Ke1 Kf3 82.
Rf8+ Ke4 83. Re8+ Kd5 84. Rd8+ Kc4 85. Rc8+ Kb5 86. Rb8+ Kc6 87. Rc8+ Kd7 88. Rc3 Ke6 89. Re3+ Kf5 90. Re8 Kg6 91. Rf8 Ra2 92. Rf2 Ra1+ 93. Ke2 Kg5 94. Rg2+ Kf4 95. Rf2+ Ke4 96. Rf8 Kd4 97.
Rd8+ Kc5 98. Rc8+ Kd6 99. Rd8+ Ke6 100. Rd3 Ke5 101. Re3+ Kf4 102. Rf3+ Kg4 103. Rf8 Ra3 104. Rg8+ Kf5 105. Rf8+ Ke6 1/2-1/2

[Event "*** Titled Tuesday Blitz"]
[Site "Chess.com"]
[Date "2019.07.02"]
[Round "2"]
[White "Adham_Fawzy"]
[Black "swisspower96"]
[Result "0-1"]
[WhiteElo "2723"]
[BlackElo "2708"]
[TimeControl "180+2"]
[EndTime "13:27:04 PDT"]
[Termination "swisspower96 won by resignation"]

1. e4 e6 2. d4 d5 3. Nd2 c5 4. Ngf3 cxd4 5. Nxd4 Nc6 6. Bb5 Bd7 7. Nxc6 bxc6 8. Bd3 Ne7 9. Qe2 Ng6 10. Nf3 Be7 11.
e5 Qc7 12. h4 f6 13. exf6 gxf6 14. Nd4 Qe5 15. Be3 Rb8 16. c3 c5 17. Nf3 Qd6 18.
Qc2 f5 19. O-O-O Nf4 20. Bf1 Bf6 21. g3 Ng6 22. h5 Ne7 23. Bg5 Bxg5+ 24. Nxg5 e5 25. Bh3 e4 26. Bg2 Qf6 27. Nh3 d4 28.
Nf4 O-O 29. g4 Qg5 30. Qd2 fxg4 31. Ne2 Qxd2+ 32. Rxd2 Rxf2 33. Bxe4 Bc6 34. Bxc6 Nxc6 35. cxd4 cxd4 36. Rg1 Ne5 37. Nxd4 Rc8+ 38. Kd1 Rxd2+ 39. Kxd2 Rd8 40. Ke3 Rxd4 41. Rc1 Rd7 42. Ke4 Re7 43. Rc8+ Kf7 44. Kf5 Nd7 45. Rc4 Re5+ 46. Kxg4 Nf6+ 47. Kf4 Rxh5 48. Rc7+ Kg6 49. Rxa7 Rb5 50. b3 h5 51. Kg3 Rg5+ 52. Kh3 Rd5 53. Kh4 Rd4+ 54. Kh3 Kf5 55. a4 Rd3+ 56. Kh4 Rxb3 57. Ra5+ Kg6 58. Rg5+ Kh6 59. Rf5 Rb4+ 60. Kh3 Kg6 61. Ra5 Rd4 62. Kg3 Nd5 63. Rc5 Kg5 64. a5 h4+ 65. Kh3 Rd3+ 66.
Kh2 Kg4 67. a6 Rd2+ 68. Kg1 Kg3 69. Rc1 Ra2 70. Rd1 Ne3 71. Re1 Ng4 72. a7 Rxa7 73.
Kh1 Ra2 74. Rg1+ Kf3 75. Rf1+ Kg3 76. Rg1+ Kh3 77. Rf1 Rh2+ 78. Kg1 Rg2+ 79. Kh1 Nf2+ 80. Rxf2 Rxf2 0-1

[Event "*** Titled Tuesday Blitz"]
[Site "Chess.com"]
[Date "2019.07.02"]
[Round "2"]
[White "Misha_Bilous"]
[Black "DrMelekess"]
[Result "1-0"]
[WhiteElo "2395"]
[BlackElo "2674"]
[TimeControl "180+2"]
[EndTime "13:27:14 PDT"]
[Termination "Misha_Bilous won by resignation"]

1. d4 d5 2. c4 dxc4 3. e3 a6 4. a4 e6 5. Bxc4 Nf6 6. Nf3 c5 7. O-O Nc6 8. Qe2 cxd4 9. Rd1 Be7 10. exd4 Nb4 11. Nc3 O-O 12. Ne5 b6 13. Qf3 Ra7 14.
Qg3 Qe8 15. Be3 Bb7 16. Rac1 Ne4 17. Nxe4 Bxe4 18. Bh6 Bg6 19. Bd2 Bd6 20. Qh3 Qxa4 21. Nxg6 hxg6 22. Bxe6 Re7 23. Bb3 Qb5 24. Be3 Rd8 25. Bc4 Qd7 26. Qh4 b5 27. Bb3 Qf5 28. Bg5 Rde8 29. Bxe7 Bxe7 30. Qg3 Bg5 31. Re1 Rxe1+ 32.
Rxe1 Bd2 33. Re8+ Kh7 34. Qh3+ Qxh3 35. gxh3 Bc1 36. Bxf7 Bxb2 37. d5 Bf6 38. d6 Nc6 39. d7 Nd8 40. Bd5 a5 41. Kg2 a4 42. Re4 g5 43. Rb4 a3 44. Rxb5 Kg6 45. Ra5 Bb2 46. Ra8 Bf6 47. Rxa3 Kf5 48. Ra8 Ke5 49. Bb3 Kd6 50.
Ba4 Ke5 51. Kf3 Kf5 52. Bc2+ Ke5 53. Kg4 Nf7 54. Bb3 Nd8 55. Kf3 Kd6 56. Ba4 Ke5 57.
Ra5+ Kd6 58. Ra6+ Ke5 59. Ra5+ Ke6 60. Ke4 Nb7 61. Ra6+ Ke7 62. Ra7 Nd8 63. Kd5 Kf7 64.
Ra8 Kg6 65. Kd6 Kf5 66. Kc7 Ne6+ 67. Kc6 Nd8+ 68. Kb6 Kf4 69. Rxd8 Bxd8+ 70. Kb7 Kf3 71. Kc8 Ba5 72. d8=Q Bxd8 73. Kxd8 Kxf2 74. Ke7 Kg2 75. Bd7 Kxh2 76. Kf7 Kg3 77. Kxg7 Kh4 78. Kg6 1-0

[Event "*** Titled Tuesday Blitz"]
[Site "Chess.com"]
[Date "2019.07.02"]
[Round "2"]
[White "riconaipe"]
[Black "Alliswell998"]
[Result "1-0"]
[WhiteElo "2496"]
[BlackElo "2396"]
[TimeControl "180+2"]
[EndTime "13:27:14 PDT"]
[Termination "riconaipe won by checkmate"]

1. d4 Nf6 2. c4 c5 3. d5 b5 4. f3 g6 5. e4 Bg7 6. e5 Ng8 7. f4 d6 8. Nf3 Bg4 9. cxb5 Nh6 10.
Nc3 O-O 11. Be2 Nd7 12. exd6 exd6 13. O-O Nf5 14. a4 Re8 15. a5 Bxf3 16. Bxf3 Qh4 17. Ne2 Rxe2 18. Qxe2 Bd4+ 19. Rf2 Nf6 20. g3 Nxg3 21.
hxg3 Qxg3+ 22. Bg2 Re8 23. Ra3 Bxf2+ 24. Kf1 Qxg2+ 25.
Kxg2 Rxe2 26. b6 c4 27. Kf3 Re7 28. Kxf2 Nxd5 29. Be3 axb6 30. axb6 Kg7 31. Bd4+ f6 32. Ra5 Nxb6 33. Bxb6 g5 34. fxg5 fxg5 35. Rxg5+ Kf6 36.
Rd5 Ke6 37. Rd1 Rb7 38. Bd4 h5 39. Kg3 Kd5 40. Kh4 Rh7 41. Bf2+ Kc6 42. Kg5 d5 43. Kg6 Rb7 44. Bd4 h4 45. Rh1 Rb3 46. Rxh4 Rf3 47. Kg5 Kb5 48. Rf4 Rd3 49. Kf5 Kb4 50. Ke5 Kb3 51.
Kxd5 Rh3 52. Be5 Re3 53. Rf2 Rd3+ 54. Bd4 Rh3 55. Re2 Rh5+ 56. Re5 Rh3 57. Re8 Rh5+ 58. Be5 Rh4 59. Rb8+ Kc2 60. Bd4 Kd3 61. Be5 Rh5 62.
Ra8 Rg5 63. Ra3+ Kd2 64. Rc3 Rg8 65. Rxc4 Rd8+ 66. Bd6 Kd3 67. Rc6 Rd7 68. b4 Rb7 69. Rc8 Rb6 70. Bc5 Rb7 71. Rh8 Kc3 72. Rh3+ Kb2 73. Kc6 Rg7 74. b5 Rg6+ 75. Bd6 Rg4 76. b6 Kc2 77. b7 Rg8 78. b8=Q Rg4 79. Qb3+ Kc1 80. Ba3+ Kd2 81. Rh2+ Ke1 82. Qb1# 1-0

[Event "*** Titled Tuesday Blitz"]
[Site "Chess.com"]
[Date "2019.07.02"]
[Round "2"]
[White "checkmatequen"]
[Black "hermionegrangermagic"]
[Result "0-1"]
[WhiteElo "2226"]
[BlackElo "2320"]
[TimeControl "180+2"]
[EndTime "13:27:16 PDT"]
[Termination "hermionegrangermagic won by resignation"]

1. e4 c5 2. Nf3 Nc6 3. d4 cxd4 4.
Nxd4 e5 5. Nb5 d6 6. a4 Nf6 7. N1c3 a6 8. Na3 h6 9. Bc4 Be7 10. O-O O-O 11. Re1 Be6 12. h3 Rc8 13. Nd5 Bxd5 14.
Bxd5 Qc7 15. c3 Nxd5 16. Qxd5 Nd8 17. Be3 Ne6 18. a5 Qc6 19. Rad1 Rfd8 20. Bb6 Rd7 21. Nc2 Nf4 22. Qd2 Bg5 23. Nb4 Nxh3+ 24. gxh3 Bxd2 25.
Nxc6 Bxe1 26. Na7 Bxf2+ 27. Kxf2 Rc4 28. Ke3 g6 29. Kd3 d5 30. exd5 Rxd5+ 31. Kxc4 Rxd1 32. Nc8 f5 33. Bc5 g5 34. Ne7+ Kf7 35. Nxf5 Kg6 36. Nd6 Rh1 37. Nxb7 Rxh3 38. b4 Rf3 39. b5 Rf4+ 40. Kd5 axb5 41. Bb4 e4 42. a6 e3 43. a7 e2 44. a8=Q e1=Q 45. Qg8+ Kh5 46. Nc5 Qh1+ 47.
Kd6 Qd1+ 48. Kc7 Kg4 49. Qe6+ Kh5 50. Ne4 Qf3 51. Nd6 Rf6 52. Qe8+ Kg4 53. Bc5 Qd5 54. Qe2+ Rf3 55. Qg2+ Kh5 56. Qh2+ Kg6 57. Qc2+ Kh5 58. Qh2+ Kg6 59. Qc2+ Qd3 60. Qa2 Qxc3 61. Qe6+ Qf6 62. Qe8+ Kh7 63. Qd7+ Qg7 64. Qxg7+ Kxg7 65. Ne8+ Kg6 66.
Nd6 Rb3 67. Ne4 h5 68. Kd6 h4 69. Ke5 Rb1 70. Bf2 b4 71. Be3 g4 72. Nd2 Re1 73.
Kf4 h3 74. Bf2 h2 75. Bxe1 h1=Q 76. Kxg4 Qxe1 0-1

[Event "*** Titled Tuesday Blitz"]
[Site "Chess.com"]
[Date "2019.07.02"]
[Round "2"]
[White "platy3"]
[Black "nubair1198"]
[Result "1/2-1/2"]
[WhiteElo "2804"]
[BlackElo "2672"]
[TimeControl "180+2"]
[EndTime "13:27:43 PDT"]
[Termination "Game drawn by agreement"]

1. c4 g6 2. Nc3 Bg7 3. g3 d6 4. Bg2 Nc6 5. Nf3 e5 6. d3 h6 7.
Rb1 a5 8. a3 Nf6 9. b4 axb4 10.
axb4 O-O 11. b5 Nd4 12. O-O Bg4 13. Nxd4 exd4 14. Ne4 Re8 15. Rb2 Ra1 16. Nxf6+ Bxf6 17. h3 Bc8 18. Qc2 Bg5 19. Bxg5 Rxf1+ 20. Bxf1 Qxg5 21.
Ra2 f5 22. Qb2 f4 23. Qxd4 fxg3 24. Qd5+ Qxd5 25. cxd5 Bd7 26. fxg3 Bxb5 27. Rb2 c6 28. Bg2 Kf7 29. Kf2 Kf6 30. Rc2 c5 31. Rb2 Ba6 32. Rb6 Ke5 33. Be4 Rf8+ 34. Ke3 g5 35. Rb1 Rf7 36. h4 gxh4 37. gxh4 Rf4 38. Rg1 Rxh4 39.
Rg6 Rh3+ 40. Bf3 c4 41. d4+ Kf5 42. Rxd6 c3 43. Rd7 Bc4 44. d6 Ke6 45. Rc7 b5 46. d7 Ke7 47. d5 Bxd5 48. Rxc3 Bxf3 49. exf3 Kxd7 50. Rc5 b4 51. Rc4 b3 52. Rb4 Ke6 53. Rxb3 Rh4 54. Rb5 Ra4 55. Rb6+ Kf5 56. Rxh6 Ra3+ 57.
Kf2 Ra4 58. Kg3 Kg5 59. Rb6 Ra3 60. Rb5+ Kf6 61. Kg4 Ra4+ 62. f4 Ra6 63. Rh5 Kg6 64. Rf5 Rf6 65. Rg5+ Kf7 66. Rb5 Ra6 67. Kh5 Kf6 68.
Kg4 Ra1 69. Rb6+ Kf7 70. Kg5 Ra2 71. Rb7+ Kf8 72. Rb6 Kf7 73. Rf6+ Kg7 74. Rc6 Ra5+ 75. f5 Ra7 76. Rh6 Ra1 77. Rb6 Rg1+ 78. Kf4 Kf7 79. Rb7+ Kf6 80. Rb6+ Kf7 81. Ke5 Re1+ 82. Kd5 Rd1+ 83.
Ke4 Re1+ 84. Kf4 Rf1+ 85. Kg4 Rg1+ 86. Kh3 Rf1 1/2-1/2

[Event "*** Titled Tuesday Blitz"]
[Site "Chess.com"]
[Date "2019.07.02"]
[Round "2"]
[White "silverback96"]
[Black "Perecke"]
[Result "1/2-1/2"]
[WhiteElo "2117"]
[BlackElo "2041"]
[TimeControl "180+2"]
[EndTime "13:27:49 PDT"]
[Termination "Game drawn by repetition"]

1. c4 e5 2. g3 Nf6 3. Bg2 d5 4.
cxd5 Nxd5 5. Nc3 Nb6 6. e3 Be7 7. Nge2 O-O 8. O-O Nc6 9. f4 exf4 10. gxf4 Bg4 11. Qe1 Nb4 12. Qg3 Bxe2 13. Nxe2 Nc2 14.
Rb1 Qd3 15. Nc3 f5 16. Kh1 Bf6 17. e4 fxe4 18. Nxe4 Qxg3 19. hxg3 Nd4 20. Nxf6+ Rxf6 21. b3 Ne2 22. Kh2 Raf8 23. Bxb7 Rh6+ 24. Kg2 Rg6 25. d3 Nxg3 26. Kf3 Nh5 27. Ba3 Rxf4+ 28. Ke3 Rg3+ 29. Kd2 Rg2+ 30. Kc3 Rxa2 31. Bc5 Rxf1 32. Rxf1 Nf6 33. Bd4 Rh2 34. Rg1 Kf7 35. Be5 Nfd5+ 36. Kd4 Rh5 37. Kc5 Ne7 38. d4 Nd7+ 39. Kc4 Nxe5+ 40.
dxe5 Rxe5 41. Ra1 g5 42. Rxa7 Ke6 43. Ra6+ Kd7 44. Rh6 g4 45. Rxh7 Rg5 46. Bg2 g3 47.
b4 Rg4+ 48. Kc3 Kd6 49. Rh6+ Ke5 50. Bh3 g2 51. Bxg2 Rxg2 52. Rh7 Nd5+ 53. Kc4 Rg4+ 54.
Kc5 Rg1 55. Rh5+ Ke6 56. Rh6+ Nf6 57. Kc6 Rc1+ 58. Kb7 Ke7 59. b5 Nd5 60. Rh7+ Kd6 61. Rh6+ Kc5 62. Rc6+ Kxb5 63. Rxc1 c5 64. Rb1+ Nb4 65.
Kc7 c4 66. Kd6 c3 67. Ke5 Kc4 68. Ke4 c2 69. Rc1 Kc3 70. Ke3 Na2 71. Ra1 Kb2 72.
Rh1 Nc3 73. Kd2 Ne4+ 74. Ke3 Nc3 75. Kd2 Ne4+ 76. Ke3 Nc3 1/2-1/2

[Event "*** Titled Tuesday Blitz"]
[Site "Chess.com"]
[Date "2019.07.02"]
[Round "2"]
[White "AdrianaNikolova"]
[Black "VFernandezB"]
[Result "1/2-1/2"]
[WhiteElo "2470"]
[BlackElo "2334"]
[TimeControl "180+2"]
[EndTime "13:28:08 PDT"]
[Termination "Game drawn by repetition"]

1. e4 c5 2. Nf3 Nc6 3. d4 cxd4 4. Nxd4 g6 5. Nc3 Bg7 6. Be3 Nf6 7. Bc4 O-O 8. Bb3 a5 9. a4 Nb4 10. O-O d5 11. e5 Ne4 12. Nxe4 dxe4 13. Bf4 Nd5 14.
Bg3 e3 15. Qf3 exf2+ 16. Rxf2 e6 17. Raf1 Qc7 18. Qe4 Nb4 19. Nb5 Qb6 20. c3 Nc6 21.
Kh1 Qc5 22. Re2 Bd7 23. Nd6 Qb6 24. Bc4 Ne7 25. Qxb7 Qxb7 26. Nxb7 Nf5 27. Bf4 Bxa4 28. Nd6 Bc6 29. Nxf5 gxf5 30. Rd1 Rfc8 31. Ba2 Bb5 32. Re3 Bc4 33. Bxc4 Rxc4 34. Rd4 Rac8 35. h4 h5 36. Rg3 Kh7 37. Rg5 Rxd4 38. cxd4 Rc4 39. Rxh5+ Kg8 40. Be3 Rc2 41. Rg5 Kf8 42. Rg3 Rxb2 43. h5 a4 44. h6 Bh8 45. Bg5 Rb3 46. Be3 a3 47. h7 Rb1+ 48. Kh2 a2 49. Rg8+ Ke7 50. Rxh8 a1=Q 51. Re8+ Kxe8 52. h8=Q+ Kd7 53. Kg3 Qc3 54. Qh6 Re1 55. Kf2 Rb1 56. Qf6 Rb2+ 57. Kf3 Qc4 58.
Qxf7+ Kc6 59. Qe8+ Kb7 60. Qd7+ Qc7 61. Qxe6 Qc6+ 62.
Qxc6+ Kxc6 63. g3 Kd5 64. Kf4 Ke6 65. g4 fxg4 66. Kxg4 Rb1 67. Kf4 Rf1+ 68. Ke4 Rd1 69. Bf4 Re1+ 70. Be3 Rd1 71. Bf2 Rd2 72. Ke3 Ra2 73. Be1 Kd5 74. Bb4 Ra4 75. Bc5 Ra8 76. Kf4 Re8 77. Kf5 Rh8 78. Kf6 Rh6+ 79. Kg7 Re6 80.
Kf7 Rc6 81. Ke7 Re6+ 82. Kd7 Rh6 83. Ke7 Rh7+ 84. Kf6 Rh6+ 85. Kf5 Re6 86. Bb4 Rb6 87. Bc5 Rc6 88. Ba7 Ra6 89. Bc5 Re6 90. Kf4 Rh6 91. Kg5 Rh2 92. Kf6 Rh6+ 1/2-1/2

[Event "*** Titled Tuesday Blitz"]
[Site "Chess.com"]
[Date "2019.07.02"]
[Round "2"]
[White "1g41-0"]
[Black "Manukyan_Artak"]
[Result "0-1"]
[WhiteElo "2487"]
[BlackElo "2342"]
[TimeControl "180+2"]
[EndTime "13:28:12 PDT"]
[Termination "Manukyan_Artak won by resignation"]

1. e4 c6 2. d4 d5 3. e5 Bf5 4. h4 h5 5. Bd3 Bxd3 6. Qxd3 Qa5+ 7. Nd2 Qa6 8. e6 Qxd3 9. exf7+ Kxf7 10. cxd3 Nd7 11. Ndf3 e6 12. Nh3 Bb4+ 13. Bd2 Bxd2+ 14. Kxd2 Nh6 15. Nhg5+ Kf6 16. Rae1 Rae8 17. Ne5 Nxe5 18. Rxe5 Nf7 19. Nxf7 Kxf7 20. Rhe1 g6 21. b4 a6 22. a4 Re7 23. Ke3 Rf8 24. Kf4 Kg7+ 25. Kg3 Rf6 26. f3 Re8 27. R1e3 Kf7 28. Re2 Ke7 29.
Rb2 Kd6 30. Rbe2 Ra8 31. Rb2 b6 32. f4 Raf8 33. Rf2 Ra8 34. Re1 a5 35. Rb1 axb4 36. Rxb4 Ra6 37. Rfb2 Kc7 38. Kf3 Rf8 39. Re2 Kd6 40.
Re5 Rfa8 41. Rg5 Rxa4 42. Rxa4 Rxa4 43. Rxg6 b5 44. g4 hxg4+ 45. Rxg4 b4 46. h5 b3 47. Rg1 Rxd4 48. Ke3 Rb4 49. h6 Rb8 50. Rb1 c5 51. Rb2 Ke7 52. Kd2 Rh8 53. Rxb3 Rxh6 54. Rb6 Rh2+ 55. Ke3 Rh3+ 56. Kd2 Rf3 57. Rc6 Rxf4 58.
Rxc5 Kd6 59. Ra5 Ke5 60. Ke3 Rh4 61. Ra6 Rh3+ 62. Ke2 Kf5 63. Ra8 Ke5 64. Ra4 Rh2+ 65. Ke3 d4+ 66. Kf3 Rh3+ 67. Ke2 Re3+ 68. Kd2 Kd5 69.
Ra5+ Kd6 70. Ra6+ Ke7 71. Ra4 e5 72. Ra6 Rf3 73. Rb6 Rf6 74. Rb5 Ke6 75. Ke2 Kf5 76.
Ra5 Rh6 77. Rb5 Rh2+ 78. Kd1 Kf4 79. Rd5 Ke3 80. Rxe5+ Kxd3 81. Kc1 Rh1+ 82. Kb2 Kd2 83. Rg5 Rh2 84. Rg8 d3 85. Re8 Kd1+ 86. Kb1 Rh7 87. Rg8 Rb7+ 88. Ka2 d2 89. Re8 Rb6 90. Re7 Rb5 91.
Re6 Rb4 92. Re8 Kc2 93. Rc8+ Kd3 94. Rd8+ Rd4 0-1